AoeStats
← Greg The Egg

Baltic

510731017Analyzed
2v2 RM · 11h ago on Oct 2, 2026· 14m 21s· 4 players
Game mode
Random Map
Map size
Medium (4 player)
Population
200
Speed
Normal
Resources
Standard
Victory
Conquest
Starting age
Dark Age
Ending age
Imperial Age
RankedLock teamsTeams togetherTeam positionsShared explorationLock speedFull tech treeHidden civsTurbo modeCheats
Victory
Defeat
🇬🇧 Portuguese · United Kingdom
1339
+12
🇳🇿 Italians · New Zealand
1151
+19
🇩🇪 Malians · Germany
1270
-17
🇫🇷 Romans · France
1191
-14
Lanyard
9:10 Loom
11:35 Feudal Age
12:25 Double-Bit Axe
Greg The Egg
11:28 Feudal Age
11:56 Loom
12:04 Fishing Lines
12:54 Double-Bit Axe
Magic Beam
1:05 Loom
2:03 Loom
11:51 Feudal Age
12:12 Man-at-Arms
14:30 Scale Mail Armor
askir
12:07 Feudal Age
12:38 Loom
12:50 Double-Bit Axe
Connection lost

Rejoining the realm…

Still unreachable

The connection could not be restored.

Session expired

The server has moved on; the page needs a fresh start.